Mint, chaotic male elven Priest --------------------------------- |...............................| |.---- .----- ---- -- .-----..| |.|.. -.| . |..| |.|. |.| . |..| |.-|-- |.| . |..| |....| |.| |.-- --..| --------- |.{..- -.- |........| |.......| ..... . --..-----.| |.......| |... -. ... |.| |.......| |@- |.----- ..| |.-############........| |a| |.|[).---- ----.-----.| --------- |.| ----.-. |..| |..-.......| |.| |....| |.. | |.......| |i----....-----|---------.....{.| |.......................%.......| --------------------------------- Mint the Acolyte Experience level: 5 Strength: 16 Dexterity: 14 Constitution: 14 Intelligence: 8 Wisdom: 20 Charisma: 8 Health: 0(50) Energy: 85(85) Def: 7 Gold: 377 Moves: 3110 Dungeon seed: 8BbXyWdOdL0Pvo9W Game ID: Mint_1614644544 Your Inventory: Coins $ - 377 gold pieces Weapons a - a blessed +1 mace (weapon in hand) D - a +0 crossbow E - 17 +0 crossbow bolts S - 3 +0 arrows T - a +0 bow Armor e - a +0 robe (being worn) n - a +0 small shield (being worn) J - a +0 pair of iron shoes (being worn) N - a +0 dwarvish iron helm (being worn) Comestibles c - a clove of garlic d - a sprig of wolfsbane t - a tripe ration A - 2 food rations Scrolls B - a scroll of teleportation O - a scroll of genocide Spellbooks f - a spellbook of identify g - a spellbook of remove curse C - a spellbook of light Potions b - 4 potions of holy water o - a potion of oil Rings v - a cursed ring of teleportation K - a blessed +5 ring of increase damage Tools j - a skeleton key u - a tinning kit (0:98) L - 7 wax candles (0:400) M - 7 tallow candles (0:200) Q - a tin opener Gems q - a worthless piece of blue glass r - a fluorite stone z - a worthless piece of yellow glass Spells and supernatural/magical abilities: Name Level Category Fail Memory l - light 1 divination 0% 93% r - remove curse 3 clerical 0% 85% I - identify 3 divination 71% 85% W - pray for help -- divine ? -- X - turn undead -- divine ? -- Your skills at the end: Fighting Skills Weapon Skills mace [Basic] Spellcasting Skills clerical spells [Basic] Final Attributes: You were piously aligned. You were sleep resistant. You had infravision. You are dead. Vanquished creatures: a dwarf lord a gnome lord a gnomish wizard a kitten 3 dwarves a rabid rat 2 giant bats a killer bee 3 hobbits a large kobold 2 yellow molds 16 gnomes 2 geckos 2 kobolds 2 goblins 2 sewer rats 3 grid bugs 3 lichens 2 kobold zombies 4 newts 53 creatures vanquished. Voluntary challenges: You used a wielded weapon 61 times, starting on turn 59. You read items or engraved 6 times, starting on turn 68. You never genocided any monsters. You never polymorphed an object. You never changed form. You used no wishes. You never split a pudding. You never wrote Elbereth's name. You never violated your personal moral code. Dungeon overview: The Dungeons of Doom: levels 1 to 5 Level 1 an altar to Crom, a fountain a long staircase Level 2 a sink Level 3 Level 4 stairs to The Gnomish Mines Level 5 a general store, a fountain The Gnomish Mines: levels 5 to 8 Level 5 stairs to The Dungeons of Doom Level 6 Level 8 <- You were here a general store, some fountains History has recorded: On T:1 you entered the Dungeons of Doom to retrieve the Amulet of Yendor! On T:543 you reached level 2 of The Dungeons of Doom. On T:833 you reached level 3 of The Dungeons of Doom. On T:1087 you advanced to experience level 2. On T:1358 you reached level 4 of The Dungeons of Doom. On T:1488 you reached level 5 of The Dungeons of Doom. On T:1675 you advanced to experience level 3. On T:1918 you reached level 1 of The Gnomish Mines. On T:2066 you advanced to experience level 4. On T:2580 you advanced to experience level 5. On T:2943 you reached level 2 of The Gnomish Mines. On T:3030 you reached level 4 of The Gnomish Mines. Score breakdown: Gold: 377 ( 8767 points) Experience: 5 levels (11141 points) Exploration: 8 levels ( 16.00%) (11338 points) Discoveries: 15 items ( 5.24%) ( 6870 points) Valuables value: (no points given unless you survive) Artifact value: 0 ( 0 points) Variety of kills: 20 monsters ( 5.25%) ( 6873 points) Turncount: 3110 turns ( -653 points) Survival: died (score multiplied by 80%) Total score: 35468 Latest messages: The killer bee stings! (4x) You hear water falling on coins. There are a few objects here. A - a food ration. The killer bee stings! (2x) You stop running. (2x) The killer bee stings! (4x) You miss the killer bee. The killer bee misses. (3x) The killer bee stings! You miss the killer bee. The killer bee stings! (2x) You kill the killer bee! The killer bee stings! (2x) You stop running. The killer bee misses. You stop running. The killer bee stings! You stop running. The killer bee stings! You stop running. The killer bee stings! The killer bee misses. The killer bee stings! (5x) You die... Final status: Goodbye Mint the Priest, killed by a killer bee... You died in The Gnomish Mines on dungeon level 8 with 35468 points, and 377 pieces of gold, after 3110 moves. You were level 5 with a maximum of 50 hit points when you died.